 Dungeon Sprint DCSS version 0.19.1-1-g22dce08 (webtiles) character file.

15720 Groucho the End of an Era (level 12, -5/102 HPs)
             Began as a Demonspawn Fighter on Jan 6, 2017.
             Was the Champion of Qazlal.
             Killed from afar by a fire dragon (52 damage)
             ... with a blast of flame
             ... in the Dungeon (Sprint V: "Ziggurat Sprint").
             The game lasted 00:04:38 (1485 turns).

Groucho the End of an Era (Demonspawn Fighter)      Turns: 1485, Time: 00:04:39

Health: -5/102     AC: 39    Str: 33    XL:     12   Next: 3%
Magic:  17/25      EV:  7    Int: 10    God:    Qazlal [******]
Gold:   0          SH: 39    Dex: 13    Spells: 0 memorised, 29 levels left

rFire  . . .     SeeInvis +     b - +14 obsidian axe {chop, +Fly SInv *Curse} (curse)
rCold  . . .     Gourm    .     c - +15 Maxwell's patent armour {-Cast -Tele rElec MR+ rCorr}
rNeg   + . .     Faith    .     l - +18 shield of the Gong {rElec rN+ MR+ EV-5}
rPois  .         Spirit   .     M - +0 helmet {SInv}
rElec  +         Reflect  .     O - +0 cloak {+Inv}
rCorr  +         Harm     .     (no gloves)
MR     ++...     NoTele   +     (no boots)
Stlth  .......... NoCast   +    (no amulet)
                                r - +6 ring of strength
                                q - +6 ring of strength

@: protected from physical damage, mesmerised, studying Unarmed Combat, repel
missiles
A: hooves 2, rugged brown scales 2, demonic guardian 1, nightstalker 3
a: Upheaval, Elemental Force, Disaster Area, Renounce Religion, Evoke
Invisibility, Evoke Flight


You were in the Dungeon.
You worshipped Qazlal.
Qazlal was exalted by your worship.
You were not hungry.

You visited 1 branch

Inventory:

Hand Weapons
 b - the cursed +14 obsidian axe (weapon) {chop, +Fly SInv *Curse}
   (You found it in the Dungeon)

   It inflicts extra damage upon your enemies.
   It lets you see invisible.
   It lets you fly.
   It may re-curse itself when equipped.
   It has a curse placed upon it.
Armour
 a - +5 gold dragon scales
 c - the +15 Maxwell's patent armour (worn) {-Cast -Tele rElec MR+ rCorr}
   (You found it in the Dungeon)

   It insulates you from electricity.
   It affects your resistance to hostile enchantments.
   It prevents spellcasting.
   It prevents most forms of teleportation.
   It protects you from acid and corrosion.
 l - the +18 shield of the Gong (worn) {rElec rN+ MR+ EV-5}
   (You found it in the Dungeon)

   It affects your evasion (-5).
   It insulates you from electricity.
   It protects you from negative energy.
   It affects your resistance to hostile enchantments.
 M - a +0 helmet of see invisible (worn)
 O - a +0 cloak of invisibility (worn)
Jewellery
 m - a +6 ring of dexterity
 n - a +6 ring of dexterity
 o - a +6 ring of intelligence
 p - a +6 ring of intelligence
 q - a +6 ring of strength (left hand)
 r - a +6 ring of strength (right hand)
 K - the ring of Ilifon {rC++ Int+3 Dex+3 Stlth-}
   (You found it in the Dungeon)

   [ring of dexterity]

   It affects your intelligence (+3).
   It affects your dexterity (+3).
   It greatly protects you from cold.
   It makes you less stealthy.
 N - an uncursed ring of protection from magic
Wands
 s - a wand of disintegration (7/24)
 t - a wand of iceblast (5/15)
 u - a wand of lightning (5/15)
 v - a wand of acid (5/15)
 L - a wand of hasting (2/9)
Scrolls
 k - 4 scrolls of blinking
 y - 4 scrolls of amnesia
 C - 3 scrolls of recharging
 D - 8 scrolls of fog
 E - 5 scrolls of identify
 F - 5 scrolls of remove curse
 G - 2 scrolls of fear
 J - 3 scrolls of brand weapon
Potions
 d - 6 potions of might
 e - 10 potions of curing
 g - 9 potions of heal wounds
 h - 6 potions of haste
 i - 7 potions of magic
 j - 3 potions of berserk rage
 w - 2 potions of brilliance
 x - 2 potions of invisibility
 z - 4 potions of resistance
 A - a potion of experience
 B - 5 potions of agility
Books
 P - a manual of Unarmed Combat
Comestibles
 f - 5 bread rations
 H - 42 fruits
 I - 3 meat rations


   Skills:
 + Level 10.4 Fighting
 * Level 12.8 Axes
 * Level 13.0 Armour
 + Level 9.1 Dodging
 + Level 9.8 Shields
 + Level 9.1 Spellcasting
 * Level 17.2 Invocations


You had 29 spell levels left.
You didn't know any spells.

Dungeon Overview and Level Annotations

Branches:
Dungeon (1/1)

Altars:
Ashenzari
Cheibriados
Dithmenos
Elyvilon
Fedhas
Gozag
Hepliaklqana
Kikubaaqudgha
Makhleb
Nemelex Xobeh
Okawaru
Qazlal
Ru
Sif Muna
Trog
Uskayaw
Vehumet
Xom
Yredelemnul
Zin
The Shining One
Beogh
Jiyva
Lugonu


Innate Abilities, Weirdness & Mutations

You have hoof-like feet.
You are mostly covered in rugged brown scales. (AC +2, +5% HP)
A weak demonic guardian rushes to your aid.
You are completely attuned to the shadows.


Message History

You catch the helpless fire giant completely off-guard!
You slash the fire giant!
You are no longer entranced.
You kill the fire giant!
Qazlal accepts your kill.
Your Armour skill increases to level 13!
Your Spellcasting skill increases to level 9!
Your Invocations skill increases to level 17!
You have reached level 12!
Your experience leads to an increase in your attributes!
Your base attributes are Str 20, Int 10, Dex 12.
Increase (S)trength, (I)ntelligence, or (D)exterity?
You feel stronger.
You feel agile.
Your demonic ancestry asserts itself...
Rugged brown scales spread over more of your body.
You slash the fire dragon!
Visions of slaying the fire dragon flood into your mind.
The fire dragon breathes flames at you. The blast of flame hits you!
Ouch! That really hurt!
You die...

▓.).).}}..▓
▓...[.|...▓
▓.........▓
▓.........▓ ▓≈.....≈≈
▓.....(...▓
▓.≈.....≈.▓.....(...▓
.§▓.§.▓≈.▓....(....▓
▓.▓§5§..▓.▓.▓.)().▓.▓
▓...@D.... ...)()...▓
▓▓▓▓▓▓▓▓▓▓ ▓▓▓▓▓▓▓▓▓▓


You could see a fire dragon and a friendly iron imp.

Vanquished Creatures
  A deep elf master archer (D)
  A fire giant (D)
  2 deep elf annihilators (D)
  2 fire dragons (D)
  A hell hog (D)
  2 dancing weapons (D)
  2 deep elf magi (D)
  4 cyclopes (D)
  A wolf spider (D)
  A yaktaur (D)
  A slime creature (D)
  2 jumping spiders (D)
  A hippogriff (D)
  A redback (D)
  An air elemental (D)
  2 tarantellas (D)
  3 fire elementals (D)
  2 yaks (D)
  2 ushabtiu (D)
  A golden eye (D)
  2 hell hounds (D)
  A porcupine (D)
  2 orc warriors (D)
  A wolf (D)
  2 centaurs (D)
  A bullfrog (D)
  4 scorpions (D)
  2 jellies (D)
  2 orc wizards (D)
  3 orc priests (D)
  2 mummies (D)
  A shadow imp (D)
  An ooze (D)
  3 orcs (D)
  2 bat skeletons (D)
  A jackal (D)
  A giant cockroach zombie (D)
64 creatures vanquished.

Vanquished Creatures (collateral kills)
  A deep elf archer (D)
  A cyclops (D)
  A hippogriff (D)
  An eye of draining (D)
  A wolf (D)
  An earth elemental (D)
  A scorpion (D)
  2 jellies (D)
9 creatures vanquished.

Vanquished Creatures (others)
  A fire vortex (D)
1 creature vanquished.

Grand Total: 74 creatures vanquished

Notes
Turn   | Place    | Note
-------+----------+-------------------------------------------
     0 | D        | Groucho the Demonspawn Fighter began the quest for the Orb.
     0 | D        | Reached XP level 1. HP: 18/18 MP: 1/1
    15 | D        | Banished a spatial maelstrom
    17 | D        | Found a blossoming altar of Fedhas.
    18 | D        | Found a viscous altar of Jiyva.
    18 | D        | Found a hazy altar of Hepliaklqana.
    18 | D        | Found an ancient bone altar of Kikubaaqudgha.
    18 | D        | Found an opulent altar of Gozag.
    18 | D        | Found a corrupted altar of Lugonu.
    24 | D        | Found a burning altar of Makhleb.
    25 | D        | Found an iron altar of Okawaru.
    25 | D        | Found a sparkling altar of Nemelex Xobeh.
    25 | D        | Found a stormy altar of Qazlal.
    25 | D        | Found a sacrificial altar of Ru.
    25 | D        | Found a deep blue altar of Sif Muna.
    41 | D        | Found a bloodstained altar of Trog.
    81 | D        | Became a worshipper of Qazlal Stormbringer
    93 | D        | Entered arena 1.
    95 | D        | Reached skill level 2 in Invocations
    96 | D        | Gained mutation: A weak demonic guardian rushes to your aid. [demonic ancestry]
    96 | D        | Reached XP level 2. HP: 24/24 MP: 1/3
   290 | D        | Entered arena 2.
   293 | D        | Reached * piety under Qazlal
   293 | D        | Reached skill level 1 in Dodging
   293 | D        | Reached skill level 1 in Spellcasting
   293 | D        | Reached skill level 3 in Invocations
   293 | D        | Gained mutation: You have large cloven feet. [demonic ancestry]
   293 | D        | Reached XP level 3. HP: 29/29 MP: 3/5
   295 | D        | Reached skill level 4 in Invocations
   408 | D        | Entered arena 3.
   408 | D        | Noticed an eye of draining
   411 | D        | Reached ** piety under Qazlal
   411 | D        | Reached XP level 4. HP: 33/37 MP: 3/7
   412 | D        | Reached skill level 5 in Invocations
   414 | D        | Killed an eye of draining
   414 | D        | Reached skill level 5 in Armour
   414 | D        | Reached skill level 6 in Invocations
   414 | D        | Gained mutation: You are slightly more attuned to the shadows. [demonic ancestry]
   414 | D        | Reached XP level 5. HP: 39/43 MP: 3/9
   463 | D        | Entered arena 4.
   463 | D        | Noticed a slime creature
   463 | D        | Noticed a golden eye
   466 | D        | Killed a golden eye
   466 | D        | Reached *** piety under Qazlal
   466 | D        | Reached skill level 5 in Fighting
   466 | D        | Reached skill level 5 in Axes
   466 | D        | Reached skill level 7 in Invocations
   466 | D        | Gained mutation: You are significantly more attuned to the shadows. [demonic ancestry]
   466 | D        | Reached XP level 6. HP: 51/51 MP: 9/11
   466 | D        | Reached skill level 8 in Invocations
   468 | D        | Killed a slime creature
   468 | D        | Reached skill level 5 in Shields
   468 | D        | Reached skill level 9 in Invocations
   468 | D        | Reached XP level 7. HP: 55/57 MP: 9/13
   538 | D        | Entered arena 5.
   538 | D        | Noticed a jumping spider
   538 | D        | Noticed a tarantella
   542 | D        | Killed a tarantella
   542 | D        | Reached **** piety under Qazlal
   544 | D        | Reached skill level 10 in Invocations
   551 | D        | Killed a jumping spider
   551 | D        | Gained mutation: You are partially covered in rugged brown scales. (AC +1, +3% HP) [demonic ancestry]
   551 | D        | Reached XP level 8. HP: 50/65 MP: 15/15
   555 | D        | Got the cursed ring "Wima" {rElec rN+ Dex-4}
   625 | D        | Entered arena 6.
   626 | D        | Noticed a wolf spider
   627 | D        | Noticed a jumping spider
   628 | D        | Reached ***** piety under Qazlal
   628 | D        | Reached skill level 5 in Dodging
   628 | D        | Reached skill level 5 in Spellcasting
   629 | D        | Killed a wolf spider
   629 | D        | Reached skill level 11 in Invocations
   629 | D        | Killed a jumping spider
   630 | D        | Gained mutation: You are completely attuned to the shadows. [demonic ancestry]
   630 | D        | Reached XP level 9. HP: 74/74 MP: 15/17
   637 | D        | Got the ring of Ilifon {rC++ Int+3 Dex+3 Stlth-}
   643 | D        | Entered arena 7.
   649 | D        | Reached ****** piety under Qazlal
   649 | D        | Reached skill level 12 in Invocations
   663 | D        | Entered arena 8.
   840 | D        | Entered arena 9.
   841 | D        | Noticed a cyclops
   842 | D        | Noticed a yaktaur
   842 | D        | Noticed a cyclops
   842 | D        | Noticed a cyclops
   842 | D        | Noticed a cyclops
   842 | D        | Noticed a cyclops
   847 | D        | Killed a cyclops
   848 | D        | Killed a cyclops
   848 | D        | Reached skill level 13 in Invocations
   849 | D        | Killed a cyclops
   849 | D        | Reached skill level 10 in Axes
   849 | D        | Reached skill level 10 in Armour
   849 | D        | Reached XP level 10. HP: 31/82 MP: 18/20
   853 | D        | Killed a cyclops
   854 | D        | Killed a cyclops
  1199 | D        | Entered arena 10.
  1203 | D        | Reached skill level 14 in Invocations
  1203 | D        | Noticed a rust devil
  1235 | D        | Entered arena 11.
  1238 | D        | Noticed a battleaxe of electrocution
  1238 | D        | Noticed a deep elf annihilator
  1239 | D        | Noticed a dire flail of holy wrath
  1239 | D        | Noticed a deep elf mage
  1239 | D        | Noticed a deep elf archer
  1240 | D        | Noticed a deep elf master archer
  1240 | D        | Noticed a deep elf mage
  1241 | D        | Noticed a deep elf annihilator
  1244 | D        | Killed a battleaxe of electrocution
  1246 | D        | Killed a deep elf mage
  1248 | D        | Killed a deep elf mage
  1250 | D        | Killed a dire flail of holy wrath
  1250 | D        | Reached skill level 15 in Invocations
  1250 | D        | Gained mutation: You have hoof-like feet. [demonic ancestry]
  1250 | D        | Reached XP level 11. HP: 81/91 MP: 22/22
  1253 | D        | Killed a deep elf master archer
  1254 | D        | Killed a deep elf annihilator
  1258 | D        | Killed a deep elf annihilator
  1258 | D        | Reached skill level 16 in Invocations
  1268 | D        | Killed a deep elf archer
  1470 | D        | Entered arena 12.
  1473 | D        | Noticed a hell hog
  1473 | D        | Noticed a fire giant
  1474 | D        | Noticed a fire dragon
  1474 | D        | Noticed a fire dragon
  1475 | D        | Noticed a fire dragon
  1477 | D        | Killed a hell hog
  1477 | D        | Reached skill level 10 in Fighting
  1481 | D        | Killed a fire dragon
  1481 | D        | Killed a fire dragon
  1485 | D        | Killed a fire giant
  1485 | D        | Reached skill level 17 in Invocations
  1485 | D        | Gained mutation: You are mostly covered in rugged brown scales. (AC +2, +5% HP) [demonic ancestry]
  1485 | D        | Reached XP level 12. HP: 47/102 MP: 16/25
  1485 | D        | Killed from afar by a fire dragon

Skill      XL: |  1  2  3  4  5  6  7  8  9 10 11 |
---------------+----------------------------------+-----
Axes           | 2 3 4 5 6 7 8 10 11 12 | 12.8
Armour         | 3 4 5 6 7 8 10 11 13 | 13.0
Invocations    | 2 3 4 6 7 9 10 11 13 15 17 | 17.2
Dodging        | 1 2 3 4 5 6 7 9 |  9.1
Shields        | 3 4 5 6 7 8 9 |  9.8
Spellcasting   | 1 2 3 4 5 6 7 9 |  9.1
Fighting       | 4 5 6 7 8 9 10 | 10.4

Action                   |  1- 3 |  4- 6 |  7- 9 | 10-12 || total
-------------------------+-------+-------+-------+-------++-------
Melee: Broad axe         |     7 |     7 |    33 |    46 ||    93
       Kick              |     1 |     3 |     7 |    13 ||    24
Invok: Disaster Area     |       |       |       |     1 ||     1
  Use: Potion            |       |       |       |     1 ||     1
 Stab: Distracted        |       |       |       |     1 ||     1
  Eat: Meat ration       |       |       |       |     1 ||     1
Armor: Plate armour      |       |       |    12 |    15 ||    27
Dodge: Dodged            |       |       |     2 |     5 ||     7
       Deflected         |       |       |       |     1 ||     1
Block: Shield            |    10 |     5 |    56 |    96 ||   167
